[Event "Early-Titled-Tuesday-Blitz-January-30-2024"]
[Site "Chess.com"]
[Date "2024.01.30"]
[Round "8"]
[White "LangesNasenhaar"]
[Black "VitaliyChayka"]
[Result "0-1"]
[WhiteElo "2449"]
[BlackElo "2451"]
[TimeControl "180+1"]
[EndTime "9:31:03 PST"]
[Termination "VitaliyChayka won by checkmate"]

1. d4 d6 2. Nc3 e5 3. dxe5 dxe5 4. Qxd8+ Kxd8 5. f4 Nc6 6. Nf3 Bd6 7. Ne4 Nf6 8. Nxd6 cxd6 9. Bd2 Ke7 10. fxe5 dxe5 11.
Bc3 Bf5 12. Nxe5 Nxe5 13. Bxe5 Bxc2 14. Rc1 Rac8 15. Bd4 a6 16. e3 Be4 17. Bc3 Nd5 18. Bd2 Rxc1+ 19. Bxc1 Rc8 20. Kd1 f5 21. Be2 Nb4 22.
a3 Na2 23. Bd2 Rc2 24. b3 Nc3+ 25. Bxc3 Rxc3 26. Bc4 Rxe3 27. Kd2 Bxg2 28. Rg1 Rh3 29. Rxg2 Kf6 30. Bd5 g5 31. Rf2 Ke5 32. Bg8 h5 33. a4 b5 34. Re2+ Kd4 35. axb5 axb5 36. Bf7 b4 37. Kc2 f4 38. Rd2+ Ke5 39. Re2+ Kf6 40. Bc4 g4 41. Kd2 Rc3 42. Ke1 h4 43. Kf2 Rf3+ 44.
Kg2 h3+ 45. Kg1 Rc3 46. Re4 Kf5 47. Re1 g3 48. Rd1 Kg4 49. Be6+ Kh4 50. Bd5 Rc2 51. hxg3+ Kxg3 52. Rd3+ Kg4 53. Rd1 Rc3 54. Kh1 Kg3 55.
Be6 h2 56. Bd5 f3 57. Rf1 f2 58. Rd1 Re3 59. Bf3 Re1+ 60. Rxe1 fxe1=Q# 0-1

[Event "Early-Titled-Tuesday-Blitz-January-30-2024"]
[Site "Chess.com"]
[Date "2024.01.30"]
[Round "8"]
[White "Lady_Nika"]
[Black "MetiForce"]
[Result "0-1"]
[WhiteElo "2587"]
[BlackElo "2844"]
[TimeControl "180+1"]
[EndTime "9:31:05 PST"]
[Termination "MetiForce won on time"]

1. d4 Nf6 2. e3 d5 3. f4 c5 4. Nf3 Nc6 5. c3 Bf5 6. Bd3 Bg6 7. O-O e6 8. Ne5 Bd6 9. Qe2 Bxd3 10. Qxd3 Ne4 11.
Nd2 f5 12. Nxe4 fxe4 13. Qb5 Qb6 14. Qe2 Bxe5 15. fxe5 O-O-O 16. Rf7 Rdf8 17. Rxg7 Kb8 18. a4 cxd4 19. cxd4 Na5 20. b4 Qxb4 21. Bd2 Qc4 22. Qd1 Qa6 23. Bxa5 Qxa5 24. Qb3 b6 25. h3 Rfg8 26. Rxg8+ Rxg8 27. Rf1 Qd2 28. Rf2 Qe1+ 29.
Rf1 Qg3 30. Rf2 Rc8 31. Qa3 a5 32. Qd6+ Kb7 33. Qe7+ Ka6 34. Qa3 h5 35. Qb2 Qxe3 36. Kh2 h4 37. Qb5+ Kb7 38. Rf7+ Rc7 39. Qe8 Qg3+ 40. Kh1 Qc3 41. Rf8 Qe1+ 42. Kh2 Qg3+ 43. Kg1 Rc1+ 44. Rf1 Qe3+ 45. Kh2 Qg3+ 46. Kg1 Qe3+ 47.
Kh2 Rc7 48. Kh1 Qxd4 49. Qxe6 e3 50. Qd6 e2 51. Re1 Qd2 0-1

[Event "Early-Titled-Tuesday-Blitz-January-30-2024"]
[Site "Chess.com"]
[Date "2024.01.30"]
[Round "8"]
[White "Balla_Tamas"]
[Black "nindjaxx8"]
[Result "0-1"]
[WhiteElo "2416"]
[BlackElo "2596"]
[TimeControl "180+1"]
[EndTime "9:31:06 PST"]
[Termination "nindjaxx8 won by resignation"]

1. e4 e6 2. d4 d5 3. Nd2 c5 4.
exd5 Qxd5 5. Ngf3 cxd4 6. Bc4 Qd6 7. O-O Nf6 8. Nb3 Nc6 9. Nbxd4 Nxd4 10. Nxd4 Be7 11.
c3 O-O 12. Bg5 Qc7 13. Bb3 a5 14. Re1 h6 15. Bh4 Re8 16. Bc2 Bd7 17. Qd3 g6 18. Nxe6 Bxe6 19. Rxe6 g5 20. Bg3 Qc5 21. Re5 Qb6 22.
Rae1 Rad8 23. Rxe7 Rxe7 24. Qf1 Rxe1 25. Qxe1 Qxb2 26. Bb3 a4 27. Bxa4 Qxa2 28. Bb5 Qb3 29.
Bf1 Qe6 30. Qb1 Rd7 31. h3 Kg7 32. Kh2 Ne4 33. Bb8 Nxf2 34. Qb5 Ne4 35. Be5+ f6 36. Bd4 Qd6+ 37. Kg1 Rc7 38. Qd3 Nxc3 39. Qe3 Nd5 40. Qf3 Nf4 41. Be3 Re7 42. Bf2 Qd5 43.
Qc3 Ne2+ 44. Bxe2 Rxe2 45. Qc7+ Qf7 46. Qb6 Re6 47. Qb2 Qd7 48. Bd4 Rd6 49. Bc3 Rc6 50.
Bd4 Rd6 51. Bc3 b5 52. Qb4 Re6 53. h4 Qd5 54. hxg5 hxg5 55. Qg4 Qc4 56. Qxg5+ Kf7 57. Qh5+ Ke7 58. Qh7+ Kd6 59. Ba5 Qd4+ 60. Kh1 Qa1+ 61. Kh2 Qxa5 62. Qd3+ Kc7 63. Qd5 Qb6 64. Qc5+ Qxc5 0-1

[Event "Early-Titled-Tuesday-Blitz-January-30-2024"]
[Site "Chess.com"]
[Date "2024.01.30"]
[Round "8"]
[White "hakanazeri2"]
[Black "sokidze"]
[Result "1-0"]
[WhiteElo "2620"]
[BlackElo "2832"]
[TimeControl "180+1"]
[EndTime "9:31:07 PST"]
[Termination "hakanazeri2 won by resignation"]

1. c4 c5 2. Nf3 Nf6 3. Nc3 Nc6 4. g3 d5 5. d4 cxd4 6. Nxd4 dxc4 7. Nxc6 Qxd1+ 8. Nxd1 bxc6 9. Bg2 Nd5 10. Ne3 e6 11.
Nxc4 Bb4+ 12. Bd2 Rb8 13. b3 Ba6 14. Rc1 O-O 15. Ne5 Ba3 16. Rc2 Nb4 17. Bxb4 Bxb4+ 18. Kf1 Rfd8 19. Bf3 Rd1+ 20. Kg2 Rxh1 21. Kxh1 c5 22. Nc6 Rb6 23. Nxb4 cxb4 24. Rc7 g6 25. Rxa7 Kg7 26. Kg2 Kf6 27. e3 Rd6 28. h4 h6 29. g4 g5 30.
hxg5+ hxg5 31. Ra8 Rb6 32. Ra7 Bd3 33. Rc7 Bb1 34.
Ra7 Rb5 35. Bc6 Rb8 36. Kg3 Rc8 37. Bf3 Rc2 38. Be4 Rxa2 39. Rxa2 Bxa2 40. Bc2 Ke5 41. Kf3 f5 42. Ke2 fxg4 43. Kd2 Kd5 44. Kc1 g3 45. fxg3 Bxb3 46. Bxb3+ Ke4 47. Bxe6 Kxe3 48. g4 Kf4 49. Kb2 Ke5 50. Bf5 Kd4 51. Kb3 Kc5 52. Bg6 Kb5 53.
Bd3+ Kc5 54. Be2 Kd4 55. Kxb4 Ke3 56. Bc4 Kf4 57. Be6 1-0

[Event "Early-Titled-Tuesday-Blitz-January-30-2024"]
[Site "Chess.com"]
[Date "2024.01.30"]
[Round "8"]
[White "SirGerhard"]
[Black "Mesa_1"]
[Result "1-0"]
[WhiteElo "2753"]
[BlackElo "2566"]
[TimeControl "180+1"]
[EndTime "9:31:07 PST"]
[Termination "SirGerhard won by checkmate"]

1. d4 d5 2. c4 e6 3. Nf3 Nf6 4. Nc3 c5 5. cxd5 cxd4 6. Nxd4 Nxd5 7. Bd2 Be7 8. e3 O-O 9. Bc4 Nf6 10. O-O e5 11.
Nf3 Nc6 12. h3 e4 13. Nh2 Bd6 14. Re1 Bf5 15. Nf1 Qe7 16. Nd5 Nxd5 17. Bxd5 Rad8 18. Bc3 Be5 19. Qb3 Bxc3 20. bxc3 Rd6 21. Ng3 Bg6 22.
c4 h5 23. Ne2 Ne5 24. Nf4 b6 25. a4 h4 26. a5 Bh7 27. axb6 axb6 28. Qc3 g5 29.
Ra7 Rd7 30. Rxd7 Nxd7 31. Nh5 Ne5 32. g4 Bg6 33. Rb1 Bxh5 34. gxh5 Qf6 35. Qc2 Nf3+ 36. Kg2 g4 37. Qxe4 gxh3+ 38. Kh1 Ng5 39. Qxh4 Kh8 40. f4 Qf5 41. Rxb6 Ne4 42. Kh2 Rg8 43. Qxh3 Qxh3+ 44. Kxh3 Nf2+ 45. Kh2 Nd1 46. e4 Ne3 47. e5 Rg4 48. Rf6 Nf1+ 49. Kh3 Rg3+ 50. Kh4 Rg7 51.
Rxf7 Rg1 52. Rf8+ Kg7 53. h6+ Kxh6 54. Rh8+ Kg7 55. Rg8+ Kh6 56. Rxg1 Ne3 57. e6 Nf5+ 58. Kh3 Nd4 59. c5 Nf5 60. c6 Nd6 61. c7 Nf5 62.
c8=Q Kh5 63. Qh8+ Nh6 64. Bf3# 1-0

[Event "Early-Titled-Tuesday-Blitz-January-30-2024"]
[Site "Chess.com"]
[Date "2024.01.30"]
[Round "8"]
[White "Ducke13"]
[Black "themind1hunter"]
[Result "1/2-1/2"]
[WhiteElo "2314"]
[BlackElo "2541"]
[TimeControl "180+1"]
[EndTime "9:31:07 PST"]
[Termination "Game drawn - insufficient material"]

1. d4 Nf6 2. g3 d5 3. Nf3 g6 4. Bg2 Bg7 5. c4 dxc4 6. O-O O-O 7. Na3 Nc6 8. Nxc4 Bf5 9. b3 Ne4 10. Bb2 a5 11. Nh4 Bxd4 12. Nxf5 gxf5 13. Qb1 Bxb2 14. Qxb2 Qd4 15. Rad1 Qxb2 16. Nxb2 Rfd8 17. Nd3 Nc3 18. Rd2 e6 19. Bxc6 bxc6 20. Rc1 Nxe2+ 21. Rxe2 Rxd3 22. Rxc6 Ra7 23. Rec2 Rd7 24. R2c4 Kg7 25. Ra4 Rd5 26. Rac4 Rd2 27. Rc2 Rxc2 28. Rxc2 Kf6 29. f4 Ke7 30. Rd2 a4 31. Kf2 axb3 32. axb3 Rb7 33. Rd3 c5 34. Ke3 Ra7 35. h4 Ra1 36. Kd2 f6 37. Kc3 Rc1+ 38. Kb2 Re1 39. Kc3 Re4 40. Kb2 e5 41.
Rf3 Ke6 42. Kc3 h5 43. Kd3 Rb4 44. Kc3 Kd5 45. Rd3+ Ke4 46. Rd6 exf4 47. gxf4 Kxf4 48. Rxf6 Kg4 49. Rc6 Kxh4 50. Rxc5 Rf4 51. b4 Kg3 52. b5 Rf3+ 53. Kc4 h4 54. b6 Re3 55. Rxf5 Re8 56. Rh5 h3 57. Kc5 h2 58. b7 Kg2 59.
Kc6 h1=Q 60. Rxh1 Kxh1 61. Kc7 Re7+ 62. Kc8 Rxb7 63. Kxb7 1/2-1/2

[Event "Early-Titled-Tuesday-Blitz-January-30-2024"]
[Site "Chess.com"]
[Date "2024.01.30"]
[Round "8"]
[White "Grischuk"]
[Black "dretch"]
[Result "1-0"]
[WhiteElo "3073"]
[BlackElo "2801"]
[TimeControl "180+1"]
[EndTime "9:31:08 PST"]
[Termination "Grischuk won by resignation"]

1. d4 d5 2. Nf3 Nf6 3. Bf4 c5 4. e3 Nc6 5. Nbd2 e6 6. c3 Be7 7. Ne5 Nd7 8. Nxd7 Bxd7 9. Bd3 g5 10. Bg3 h5 11. h3 h4 12. Bh2 Qb6 13. Rb1 Qa5 14.
dxc5 Qxc5 15. e4 d4 16. O-O e5 17. Nb3 Qd6 18. cxd4 Nxd4 19. Bc4 Nxb3 20. Qxb3 O-O 21.
Rfd1 Qc7 22. Qc3 Rac8 23. Rbc1 Be6 24. Bxe6 Qxc3 25. Rxc3 Rxc3 26. bxc3 fxe6 27. Bxe5 Bc5 28. Rd2 Kf7 29. Kf1 Ke7 30. f3 b5 31. Ke2 Rc8 32. Kd3 a6 33. Rb2 Bd6 34. Bd4 Rd8 35. Ke2 Bf4 36. a4 e5 37. Bc5+ Ke6 38.
axb5 axb5 39. Be3 Bxe3 40. Kxe3 Rc8 41. Kd3 Rb8 42. Ra2 Rb6 43. Ra8 Rd6+ 44. Kc2 Rc6 45. Re8+ Kf6 46. Kd3 Rd6+ 47. Kc2 Rc6 48. Rf8+ Kg6 49.
Rg8+ Kf6 50. Rf8+ Kg6 51. Rb8 Rc5 52. Kb3 Kf6 53. Rb6+ Kf7 54. Ra6 Kg7 55. Rd6 Kf7 56. Rd5 Rxd5 57. exd5 Ke7 58. Kb4 Kd6 59. Kxb5 Kxd5 60.
c4+ Kd4 61. c5 Ke3 62. c6 Kf2 63. c7 Kxg2 64. c8=Q 1-0

[Event "Early-Titled-Tuesday-Blitz-January-30-2024"]
[Site "Chess.com"]
[Date "2024.01.30"]
[Round "8"]
[White "Binary010"]
[Black "CaspiIsrael"]
[Result "1-0"]
[WhiteElo "2917"]
[BlackElo "2755"]
[TimeControl "180+1"]
[EndTime "9:31:08 PST"]
[Termination "Binary010 won by resignation"]

1. e4 e5 2. Nf3 Nf6 3. Nxe5 d6 4. Nf3 Nxe4 5. d4 d5 6. Bd3 Bd6 7. O-O O-O 8. c4 c6 9. Nc3 Nxc3 10. bxc3 dxc4 11. Bxc4 Bf5 12. Bg5 Qa5 13. d5 Be4 14.
dxc6 Bxf3 15. Qxf3 Nxc6 16. Bd5 Ne5 17. Qe4 Qxc3 18. Bxb7 Rab8 19. Rad1 Qb4 20. Qxb4 Bxb4 21. Bd5 Rfe8 22. Bb3 Kf8 23. Bf4 f6 24. g3 Rbd8 25.
Kg2 Nd3 26. Be3 Nc5 27. Bc4 a5 28. Bb5 Rxd1 29. Rxd1 Rb8 30. Bc4 Ke7 31. Bf4 Rd8 32. Rxd8 Kxd8 33. Kf3 Ke7 34. Ke3 g5 35. Bb8 Nd7 36.
Bc7 Bc5+ 37. Ke2 Bb6 38. Bxb6 Nxb6 39. Bd3 h6 40. Ke3 Nd5+ 41. Kd4 Kd6 42. Be4 Nb4 43. a3 Na6 44. Kc4 Nc7 45. a4 Ke5 46. Bc6 Kd6 47.
Bg2 f5 48. Bf3 g4 49. Bb7 h5 50. Bg2 Ne6 51. Kb5 Nc5 52. Kxa5 Nd3 53. Kb6 Ke5 54. a5 Nb4 55. Kb5 Nc2 56. a6 Nd4+ 57. Kb6 f4 58. gxf4+ Kxf4 59. a7 Nf3 60. a8=Q Nxh2 61. Qb8+ Kg5 62.
Qxh2 h4 63. Qe5+ Kh6 64. Qf6+ Kh5 65. Qf5+ Kh6 66. Qxg4 Kh7 67. Qxh4+ 1-0

[Event "Early-Titled-Tuesday-Blitz-January-30-2024"]
[Site "Chess.com"]
[Date "2024.01.30"]
[Round "8"]
[White "Glidzhian_Gor"]
[Black "Onthequiet"]
[Result "1/2-1/2"]
[WhiteElo "2570"]
[BlackElo "2412"]
[TimeControl "180+1"]
[EndTime "9:31:08 PST"]
[Termination "Game drawn by stalemate"]

1. e4 c6 2. d4 d5 3. Nc3 dxe4 4.
Nxe4 Nf6 5. Ng5 h6 6. Nxf7 Kxf7 7. Nf3 Bf5 8. Bc4+ e6 9. Ne5+ Ke8 10. g4 Be4 11. f3 Bd5 12. Bd3 Bd6 13. c4 Bxe5 14. dxe5 Nxg4 15. O-O Nxe5 16. cxd5 Qxd5 17. Be4 Qxd1 18.
Rxd1 Nbd7 19. Bf4 Rf8 20. Bg3 Nxf3+ 21. Kg2 Ng5 22. Bg6+ Ke7 23. Bd6+ Kf6 24. Bxf8 Nxf8 25. Bh5 Ne4 26. Rf1+ Kg5 27. Be2 Ng6 28. Rad1 Nf4+ 29.
Kf3 Nf6 30. h4+ Kf5 31. Ke3 g5 32. Bc4 Nd5+ 33. Bxd5 exd5 34. hxg5 hxg5 35. Kd2 Re8 36. Rf2 Re4 37. Rdf1 b5 38. Rg1 a5 39. b3 a4 40.
Rh2 a3 41. Rc1 Re6 42. Rf1 c5 43. Rc1 c4 44. bxc4 dxc4 45. Rf1 b4 46. Rh8 Re2+ 47.
Kc1 Rxa2 48. Rf8+ Ke4 49. Re1+ Kd3 50. Kb1 Rb2+ 51. Ka1 Kc3 52. Rxf4 gxf4 53. Re3+ Kd4 54. Rd3+ Ke4 55. Re3+ Kf5 56. Re5+ Kg4 57. Rg5+ Kf3 58. Rg3+ Kf2 59. Rf3+ Ke2 60. Rf2+ Kd3 61. Rf3+ Kc2 62.
Rc3+ Kd2 63. Rd3+ Ke2 64. Re3+ Kd1 65. Re1+ Kc2 66. Rc1+ Kb3 67. Rc3+ Ka4 68. Rxa3+ bxa3 1/2-1/2

[Event "Early-Titled-Tuesday-Blitz-January-30-2024"]
[Site "Chess.com"]
[Date "2024.01.30"]
[Round "8"]
[White "Hovik_Hayrapetyan"]
[Black "ahkashefi2800"]
[Result "1-0"]
[WhiteElo "2779"]
[BlackElo "2569"]
[TimeControl "180+1"]
[EndTime "9:31:09 PST"]
[Termination "Hovik_Hayrapetyan won by checkmate"]

1. d4 d5 2. c4 c6 3. Nf3 Nf6 4. Nc3 a6 5. c5 g6 6. g3 Bg7 7. Bg2 O-O 8. O-O Nbd7 9. Re1 b6 10. cxb6 Qxb6 11. Na4 Qa7 12. Qc2 Bb7 13. b3 Rfc8 14. Ba3 Ne4 15. Rac1 e5 16. e3 exd4 17.
exd4 a5 18. Bh3 Rd8 19. Bxd7 Rxd7 20. Nc5 Nxc5 21. Bxc5 Qa6 22. Re2 a4 23. Rce1 Rdd8 24. b4 Qc4 25. Qd2 Ba6 26. Re7 Bf6 27. Rc7 Re8 28. Ne5 Bxe5 29. dxe5 Rxe5 30. Rc1 Qe4 31. Bd4 Re6 32. R7xc6 Rae8 33. Rxe6 Qxe6 34. h4 Qe4 35.
Kh2 Bc4 36. a3 Re6 37. Rc3 f6 38. Re3 Qf5 39. Rxe6 Qxe6 40. Qf4 Kf7 41. Qc7+ Kg8 42. Qb8+ Kf7 43. b5 Bf1 44. Qc7+ Kg8 45. Qb8+ Kf7 46. Kg1 Qh3 47. Qb7+ Ke6 48. Qc6+ Ke7 49. Qxd5 Be2 50. Bc5+ Ke8 51. Qg8+ Kd7 52. Qd5+ Kc8 53. Qc6+ Kd8 54.
Qd6+ Ke8 55. Qe7# 1-0

[Event "Early-Titled-Tuesday-Blitz-January-30-2024"]
[Site "Chess.com"]
[Date "2024.01.30"]
[Round "8"]
[White "AlexeiShirov"]
[Black "Jumbo"]
[Result "0-1"]
[WhiteElo "2756"]
[BlackElo "2937"]
[TimeControl "180+1"]
[EndTime "9:31:10 PST"]
[Termination "Jumbo won by resignation"]

1. e4 e6 2. d4 d5 3. e5 c5 4. c3 Nc6 5. Nf3 Bd7 6. Be2 Rc8 7. O-O Nge7 8. dxc5 Ng6 9. Be3 Ncxe5 10. Nxe5 Nxe5 11. b4 Be7 12. Nd2 O-O 13. f4 Nc6 14. Nb3 Bf6 15.
Qd2 Qe7 16. b5 Nb8 17. a4 Rfd8 18. Bd4 Be8 19. Qe3 Rc7 20. g4 Qf8 21. Bxf6 gxf6 22. c4 d4 23. Nxd4 Qxc5 24. Rad1 Rcd7 25. Nf5 Qxe3+ 26.
Nxe3 Rxd1 27. Rxd1 Rxd1+ 28. Bxd1 Nd7 29. g5 Kg7 30. h4 b6 31. Kf2 Nc5 32. Ng4 fxg5 33. fxg5 Bd7 34. Ke3 Bc8 35. Ne5 f6 36. Nc6 a5 37.
bxa6 Bxa6 38. Kd4 Bb7 39. Nd8 e5+ 40. Kc3 Be4 41. Kb4 f5 42. Kb5 Nd7 43. a5 bxa5 44.
c5 Nb8 45. c6 Nxc6 46. Nxc6 Bxc6+ 47. Kxc6 e4 48. Kd5 e3 49. Kd4 f4 50. Ke4 a4 51.
Kf3 a3 52. Bb3 h6 53. gxh6+ Kxh6 54. Bf7 Kg7 55. Bb3 Kg6 56. Bc4 Kh5 57. Ba2 Kxh4 58. Bf7 Kg5 59. Ba2 Kf5 60. Bc4 Ke5 0-1

[Event "Early-Titled-Tuesday-Blitz-January-30-2024"]
[Site "Chess.com"]
[Date "2024.01.30"]
[Round "8"]
[White "GeorgiosSouleidis"]
[Black "emeli_chess"]
[Result "1-0"]
[WhiteElo "2647"]
[BlackElo "2474"]
[TimeControl "180+1"]
[EndTime "9:31:11 PST"]
[Termination "GeorgiosSouleidis won by checkmate"]

1. e4 e5 2. Nf3 Nc6 3. Bc4 Nf6 4. d3 Be7 5. O-O O-O 6. Nc3 d6 7. a4 a5 8. h3 Be6 9. Nd5 Bxd5 10. exd5 Nd4 11. c3 Nxf3+ 12. Qxf3 Nd7 13. Qg3 Bh4 14. Qe3 f5 15. f4 exf4 16. Qe6+ Kh8 17. Bxf4 Nc5 18.
Qe2 Bg5 19. Qd2 Bxf4 20. Qxf4 Qf6 21. Bb5 c6 22. dxc6 bxc6 23. Bxc6 Nxd3 24. Qd2 Rac8 25. Bd7 Rc7 26. Rxf5 Qe7 27. Rxf8+ Qxf8 28. Qxd3 Rxd7 29.
Rf1 Qd8 30. Qd5 h6 31. b4 axb4 32. cxb4 Qb6+ 33. Kh2 Rd8 34. b5 Qa5 35. Rf4 Qb6 36. Qe6 Ra8 37. Qe7 d5 38. Rf8+ Rxf8 39. Qxf8+ Kh7 40.
Qf5+ Kh8 41. Qxd5 Qc7+ 42. g3 Qc2+ 43. Qg2 Qxa4 44. Qb2 Qa7 45. b6 Qb7 46. h4 h5 47.
Qd4 Kh7 48. Qc5 Qf3 49. Qc2+ g6 50. Qg2 Qb3 51. b7 Qb6 52. Qe4 Qf2+ 53. Kh3 Qf1+ 54.
Qg2 Qb5 55. Kh2 Qb6 56. Qf3 Qb2+ 57. Kh3 Qb6 58. Qf7+ Kh6 59. Qf8+ Kh7 60. Qe7+ Kh6 61. Qf8+ Kh7 62. b8=Q Qg1 63. Qh8# 1-0

[Event "Early-Titled-Tuesday-Blitz-January-30-2024"]
[Site "Chess.com"]
[Date "2024.01.30"]
[Round "8"]
[White "DvaHrasta"]
[Black "levallem"]
[Result "1-0"]
[WhiteElo "2543"]
[BlackElo "2363"]
[TimeControl "180+1"]
[EndTime "9:31:11 PST"]
[Termination "DvaHrasta won by checkmate"]

1. c4 c5 2. g3 Nc6 3. Bg2 Nf6 4.
Nc3 e6 5. Nf3 Be7 6. O-O O-O 7.
e4 d6 8. d4 cxd4 9. Nxd4 Nxd4 10. Qxd4 a6 11. b3 Qc7 12. Bb2 Rd8 13. Rac1 b6 14. Rfd1 Bb7 15. h3 Bf8 16. Kh2 Rd7 17.
Na4 e5 18. Qe3 Rdd8 19. Nxb6 Rab8 20. Nd5 Bxd5 21. cxd5 Qa5 22. a3 Nd7 23. b4 Qb6 24. Rc6 Qxe3 25. fxe3 a5 26. Bc3 a4 27. Rc1 g6 28. Kg1 Nb6 29. Be1 h5 30. h4 Be7 31.
Bf3 Kf8 32. Kf2 Rb7 33. Ke2 Rdb8 34. Kd3 Ke8 35. Rc7 Kd8 36. Rxb7 Rxb7 37. Rc6 Kd7 38. Bd1 Bd8 39. b5 Bc7 40. Bb4 Ke7 41. g4 hxg4 42. Bxg4 Nd7 43. Kc4 Nb6+ 44. Kc3 Nd7 45.
Be2 Nb8 46. Kc4 Nd7 47. h5 gxh5 48. Bxh5 Nb6+ 49. Kc3 Nd7 50. Be2 Nf6 51. Bd3 Nd7 52. Ra6 Nb6 53. Ba5 Nd7 54. Bxc7 Rxc7+ 55. Kb4 Nc5 56.
Bc4 Nxa6+ 57. bxa6 Kd7 58. Kb5 Kc8 59. Kb6 Kb8 60.
Bb5 Re7 61. Bc6 Ra7 62. Bxa4 Re7 63. Bc6 Ra7 64. Bb7 f6 65. a4 f5 66. exf5 e4 67.
Kc6 Rxb7 68. axb7 Ka7 69. f6 Ka6 70. b8=Q Ka5 71. Qb5# 1-0

[Event "Early-Titled-Tuesday-Blitz-January-30-2024"]
[Site "Chess.com"]
[Date "2024.01.30"]
[Round "8"]
[White "stollenmonster"]
[Black "Makswolf200817"]
[Result "0-1"]
[WhiteElo "2895"]
[BlackElo "2700"]
[TimeControl "180+1"]
[EndTime "9:31:15 PST"]
[Termination "Makswolf200817 won by resignation"]

1. e4 c5 2. Nf3 d6 3. d4 cxd4 4. Nxd4 Nf6 5. Nc3 a6 6. a4 e5 7. Nde2 Be7 8. g3 O-O 9. Bg2 Be6 10. h3 Nbd7 11. O-O h5 12. a5 Qc7 13. Be3 Rfc8 14. Qd2 b6 15. axb6 Nxb6 16. b3 Qc6 17. Rfd1 a5 18. Nd5 Bxd5 19. exd5 Qc7 20. Rxa5 Rxa5 21. Qxa5 Qxc2 22. Rd2 Qb1+ 23. Kh2 Nbd7 24. Qa4 Rb8 25. Qa7 Qxb3 26. Bg5 Qb6 27. Qa4 Ng4+ 28. hxg4 Bxg5 29. Rc2 Nf6 30. gxh5 Qxf2 31. Nf4 Qe3 32. Nh3 Bh6 33. Qc4 Nxh5 34. Qg4 Nf6 35. Rc8+ Rxc8 36. Qxc8+ Kh7 37. Qf5+ Kh8 38. Qc8+ Ng8 39. Qf8 Qb6 40. Qxf7 Nf6 41. Qe6 Qd8 42. Qf5 Qd7 43. Qg6 Ng4+ 44. Kh1 Nf6 45. Nf2 Qe8 46. Qxe8+ Nxe8 47. Ne4 Be3 48. Bh3 Nc7 49. Be6 Bc5 50. Kg2 Bb4 51. Kf3 g6 52.
Ng5 Kg7 53. Ke4 Kf6 54. Nh7+ Ke7 55. Bg8 Na6 56. Ng5 Be1 57. Ne6 Bxg3 58. Bh7 Kf6 59. Nd8 Nc5+ 60. Kf3 Bh4 61. Nb7 Kg7 62. Nxc5 dxc5 63.
Bxg6 Kxg6 64. Ke4 Kf6 0-1

[Event "Early-Titled-Tuesday-Blitz-January-30-2024"]
[Site "Chess.com"]
[Date "2024.01.30"]
[Round "8"]
[White "Alexander_Donchenko"]
[Black "PavelShkapenko"]
[Result "1-0"]
[WhiteElo "2942"]
[BlackElo "2763"]
[TimeControl "180+1"]
[EndTime "9:31:16 PST"]
[Termination "Alexander_Donchenko won by resignation"]

1. Nf3 d5 2. g3 Nd7 3. d4 Nb6 4. Bg2 h6 5. O-O Bf5 6. b3 e6 7. c4 c6 8. a4 a5 9. Nbd2 Nf6 10. Ne5 Nbd7 11. Nd3 Be7 12. Bb2 O-O 13. Re1 Bh7 14. e4 Qb6 15. Re3 dxe4 16. Nxe4 Nxe4 17. Bxe4 Bxe4 18. Rxe4 Bf6 19. Qc2 Rfd8 20. Rd1 Nf8 21. Ne5 Nd7 22. Ng4 Be7 23. Ree1 Nf6 24. Ne5 c5 25. d5 exd5 26. cxd5 Nxd5 27. Nxf7 Kxf7 28.
Qe4 Bf6 29. Rxd5 Bxb2 30. Qe7+ Kg8 31. Re6 Re8 32. Qxe8+ Rxe8 33. Rxb6 Bd4 34. Rxb7 Rf8 35. Rdd7 Bxf2+ 36. Kg2 Bd4 37. Rb5 Rf2+ 38. Kh3 Rb2 39. Rxa5 Rxb3 40. Ra8+ Kh7 41. a5 h5 42. a6 Rb2 43. a7 Bg1 44. Rh8+ Kg6 45. Rd6+ Kg5 46.
Rd5+ Kg6 47. Rdxh5 Ra2 48. a8=Q Rxa8 49. Rxa8 Kxh5 50.
Ra6 Kg5 51. Rc6 Kf5 52. Kg2 Bd4 53. Kf3 g5 54. g4+ Ke5 55. Rg6 Kd5 56. Rxg5+ Kc4 57. h4 Kd3 58. h5 c4 59. Rg8 c3 60. Rc8 c2 61. Rxc2 Kxc2 62. Ke4 Bb2 63. g5 Kb3 64. g6 Bg7 65. Kf5 Kc4 66. Kg5 Kd5 67. h6 Be5 68. g7 1-0

[Event "Early-Titled-Tuesday-Blitz-January-30-2024"]
[Site "Chess.com"]
[Date "2024.01.30"]
[Round "8"]
[White "azikom"]
[Black "Herzog2012"]
[Result "1/2-1/2"]
[WhiteElo "2719"]
[BlackElo "2560"]
[TimeControl "180+1"]
[EndTime "9:31:16 PST"]
[Termination "Game drawn by repetition"]

1. c4 Nf6 2. Nc3 e5 3. e3 Bb4 4. Qc2 Nc6 5. d3 O-O 6. Bd2 Qe7 7. a3 Bxc3 8. Bxc3 d5 9. cxd5 Nxd5 10. Nf3 Bf5 11. Rc1 e4 12. dxe4 Bxe4 13. Bd3 Bxd3 14. Qxd3 Rad8 15. Qe2 Nxc3 16. Rxc3 Ne5 17. Nxe5 Qxe5 18.
O-O Rd7 19. g3 Rfd8 20. Rc2 c6 21. Rfc1 Qe4 22. h4 g6 23. Kh2 h5 24. Rc4 Qe6 25.
R1c2 Rd1 26. Qf3 R8d2 27. Kg2 Rxc2 28. Rxc2 Qd7 29. Qe2 Ra1 30. e4 Qd1 31. Qxd1 Rxd1 32. Kf3 Kf8 33. Ke2 Rd8 34. Ke3 Ke7 35. Rc5 Ke6 36.
Ra5 a6 37. Ra4 Rd1 38. Rb4 b5 39. Rb3 c5 40. Rc3 Rb1 41. Rxc5 Rxb2 42. Rc6+ Ke7 43. Rxa6 Ra2 44. f3 b4 45. a4 b3 46. Kf4 b2 47. Rb6 Rxa4 48. Rxb2 Kf6 49. Rb6+ Kg7 50. Rb7 Ra3 51. Rb5 f6 52. g4 hxg4 53. Kxg4 Ra1 54. Rb7+ Kg8 55. Rb6 Rg1+ 56. Kh3 Kg7 57.
Kh2 Rf1 58. Kg2 Ra1 59. Rb5 Kh6 60. Kg3 Rg1+ 61. Kh2 Rf1 62. Kg2 Ra1 63. Rb6 Kg7 64.
Kg3 Rg1+ 65. Kh2 Rf1 66. Kg2 Ra1 1/2-1/2

[Event "Early-Titled-Tuesday-Blitz-January-30-2024"]
[Site "Chess.com"]
[Date "2024.01.30"]
[Round "8"]
[White "wonderfultime"]
[Black "Matibar"]
[Result "1-0"]
[WhiteElo "3009"]
[BlackElo "2818"]
[TimeControl "180+1"]
[EndTime "9:31:17 PST"]
[Termination "wonderfultime won on time"]

1. d4 d6 2. e4 Nf6 3. Nc3 e5 4. Nf3 Nbd7 5. Bc4 Be7 6. O-O O-O 7. Re1 exd4 8. Nxd4 Ne5 9. Bf1 Re8 10. h3 Bf8 11.
Bf4 c6 12. a4 Ng6 13. Bg3 d5 14. exd5 Rxe1 15. Qxe1 Nxd5 16. Nxd5 Qxd5 17. Rd1 Qg5 18. Qe8 Qe7 19. Re1 Qf6 20. c3 h5 21. Nf3 h4 22.
Bh2 b6 23. Bd3 Bb7 24. Qd7 Bc8 25. Qd4 Qxd4 26. Nxd4 Bd7 27. Ba6 c5 28. Bb7 Re8 29.
Rxe8 Bxe8 30. Nb5 c4 31. Bb8 a5 32. Bd5 Bxb5 33. axb5 Bc5 34. Bxc4 Kf8 35. Kf1 Ke7 36. g3 hxg3 37. fxg3 Kf6 38. Kg2 Ne5 39. Be2 g5 40. h4 gxh4 41. gxh4 Be3 42. Bc7 a4 43. Kg3 Nd7 44. Bd1 Bc1 45. Bxa4 Bxb2 46. c4 Be5+ 47.
Bxe5+ Kxe5 48. h5 Kf5 49. Bd1 Ne5 50. c5 bxc5 51. b6 Nc6 52. b7 Kg5 53. Kf2 f5 54. Ke3 c4 55. Bf3 Nb8 56. Kd4 Kf4 57. Bd1 Kg5 58. Kxc4 Nc6 59. Kc5 Nb8 60. Kd6 f4 61.
Bf3 Na6 62. Be2 Nb8 63. Kc7 f3 64. Bxf3 Na6+ 65. Kd6 Nb8 66. Be2 1-0

[Event "Early-Titled-Tuesday-Blitz-January-30-2024"]
[Site "Chess.com"]
[Date "2024.01.30"]
[Round "8"]
[White "LimeInTheCoconut"]
[Black "Boundless_Strike"]
[Result "1-0"]
[WhiteElo "2482"]
[BlackElo "2622"]
[TimeControl "180+1"]
[EndTime "9:31:19 PST"]
[Termination "LimeInTheCoconut won on time"]

1. e4 d6 2. d4 e5 3. Nf3 Bg4 4.
dxe5 Nc6 5. Bb5 Qd7 6. h3 Bh5 7.
exd6 Bxd6 8. e5 Bxf3 9. Qxf3 Bxe5 10. Bxc6 Qxc6 11. Qxc6+ bxc6 12. Nd2 Nf6 13. Nc4 Bd6 14. Be3 Nd5 15. O-O-O Kd7 16. Bd2 Rhe8 17. Rhe1 Rxe1 18. Rxe1 f6 19. g3 a6 20. h4 h5 21. Ne3 Nxe3 22. Rxe3 Rb8 23. b3 Rb5 24. Re4 Rf5 25.
f4 Kc8 26. Re8+ Kb7 27. Rg8 Rd5 28. c4 Rd3 29. Rxg7 Rf3 30. g4 Rf1+ 31. Kc2 Rf2 32.
Kd3 hxg4 33. Rxg4 Rh2 34. Rg6 f5 35. Rf6 Rh3+ 36. Kc2 Rh2 37. Rxf5 Bb4 38. Kd3 Rxd2+ 39. Ke4 Rxa2 40. Rg5 Rh2 41. h5 Kc8 42. Kf5 Kd7 43.
Rg7+ Kd6 44. Kg6 Bc3 45. Rg8 Rg2+ 46. Kf7 Rh2 47. Kg6 Rg2+ 48. Kf7 Rf2 49. Rg4 Rh2 50. Kg6 Ke7 51. h6 Rh1 52. f5 c5 53.
Re4+ Kd7 54. f6 Rg1+ 55. Kf7 Rf1 56. Re7+ 1-0